 Dungeon Crawl Stone Soup version 0.24.0-125-gc4c63601f3 (webtiles) character file.

Game seed: 657129412348623533, levelgen mode: deterministic

459 Mesmaeker13 the Chiller (level 6, -3/67 HPs)
             Began as a Draconian Ice Elementalist on Mar 16, 2020.
             Slain by a wyvern zombie (6 damage)
             ... on level 4 of the Dungeon.
             The game lasted 00:06:58 (4106 turns).

Mesmaeker13 the Chiller (DrIE)                      Turns: 4106, Time: 00:06:58

Health: -3/67      AC: 23    Str:  7 (10) XL:     6   Next: 78%
Magic:  1/10       EV:  2    Int: 17 (18) God:
Gold:   237        SH:  0    Dex:  8 (11) Spells: 4/11 levels left

rFire    . . .     SeeInvis .   s - +1 trident (freeze)
rCold    + . .     Gourm    .   (no shield)
rNeg     + + +     Faith    .   (armour unavailable)
rPois    +         Spirit   .   (helmet currently unavailable)
rElec    .         Reflect  .   (cloak currently unavailable)
rCorr    .         Harm     .   (gloves currently unavailable)
MR       .....     NoTele   +   (boots currently unavailable)
Stlth    ++........             (no amulet)
HPRegen  0.21/turn              h - ring of protection from fire
MPRegen  0.12/turn              e - ring of ice

@: tree-form
A: unfitting armour, AC +6
a: no special abilities


You were on level 4 of the Dungeon.
You were hungry.
You were a tree.
You visited 1 branch of the dungeon, and saw 4 of its levels.

You collected 237 gold pieces.

Inventory:

Hand Weapons
 i - a +3 dagger
 s - a +1 trident of freezing (weapon)
Armour
 k - a +0 pair of boots (melded)
 l - a +0 pair of gloves (melded)
Jewellery
 e - a ring of ice (right branch)
 h - a ring of protection from fire (left branch)
Wands
 u - a wand of paralysis (8)
Scrolls
 d - 4 scrolls of remove curse
 m - a scroll of enchant weapon {unknown}
 r - a scroll of magic mapping
Potions
 a - a potion of lignification
 f - 2 potions of flight
 g - a potion of curing
 j - a potion of cancellation {unknown}
 n - a potion of invisibility {unknown}
 o - 3 potions of degeneration
 p - a potion of berserk rage {unknown}
 q - a potion of haste {unknown}
 t - 2 potions of heal wounds {unknown}
 v - a potion of mutation {unknown}
Comestibles
 b - 7 rations


   Skills:
 + Level 3.9 Dodging
 - Level 1.7 Stealth
 - Level 3.0 Spellcasting
 + Level 3.1 Conjurations
 + Level 1.8 Summonings
 + Level 4.8 Ice Magic


You had 4 spell levels left.
You knew the following spells:

 Your Spells              Type           Power        Failure   Level  Hunger
a - Freeze                Ice            ####         2%          1    None
b - Throw Frost           Conj/Ice       ###...       4%          2    ##.....
c - Summon Ice Beast      Ice/Summ       ###.....     41%         4    ####...

Your spell library contained the following spells:

 Spells                   Type           Power        Failure   Level  Hunger
 Ozocubu's Armour         Chrm/Ice       ###.....     19%         3    ###....
 Throw Icicle             Conj/Ice       ###.....     32%         4    ####...


Dungeon Overview and Level Annotations

Branches:
Dungeon (4/15)
 Temple: D:4-7

Altars:
Gozag
Makhleb
Nemelex Xobeh
Okawaru
Qazlal
Wu Jian


Innate Abilities, Weirdness & Mutations

((Your plain brown scales are hard. (AC +6)))
You cannot fit into any form of body armour.
((You are cold-blooded and may be slowed by cold attacks.))


Message History

The wyvern zombie is heavily damaged.
The wyvern zombie bites you but does no damage.
The wyvern zombie bites you!
* * * LOW HITPOINT WARNING * * *
Your ice beast barely misses the wyvern zombie.
You hit the wyvern zombie.
The wyvern zombie is severely damaged.
The wyvern zombie bites you but does no damage.
Your ice beast barely misses the wyvern zombie.
The wyvern zombie bites you but does no damage.
You hit the wyvern zombie.
The wyvern zombie is severely damaged.
Your ice beast hits the wyvern zombie.
Your ice beast freezes the wyvern zombie.
The wyvern zombie resists.
The wyvern zombie bites you but does no damage.
You hit the wyvern zombie.
The wyvern zombie is almost destroyed.
The wyvern zombie bites you.
You die...

# #...# #.# #
##..# #.# # #..#
#.# # ##.# #.# #
.# #.# # .. #.#
#.#
#.###############
#.YZ♣...........#
###############.#
#.# #.# # #[# #.
#.# ####.##.#
........#
####.#..#


You could see a wyvern zombie and a friendly ice beast.

Vanquished Creatures
  A bullfrog (D:2)
  A howler monkey (D:4)
  A hound (D:4)
  An orc priest (D:2)
  An orc wizard (D:4)
  A worker ant (D:3)
  14 adders
  3 worms
  3 dart slugs
  2 leopard geckos
  11 orcs
  6 giant cockroaches
  9 hobgoblins
  5 jackals
  3 quokkas
  3 ball pythons (D:1)
  11 bats
  7 frilled lizards
  10 goblins
  6 kobolds
  11 rats
110 creatures vanquished.

Notes
Turn   | Place    | Note
-------+----------+-------------------------------------------
     0 | D:1      | Mesmaeker13 the Draconian Ice Elementalist began the quest
                  | for the Orb.
     0 | D:1      | Reached XP level 1. HP: 14/14 MP: 3/3
   226 | D:1      | Reached XP level 2. HP: 20/20 MP: 0/5
   827 | D:1      | Reached XP level 3. HP: 26/26 MP: 6/6
  1351 | D:2      | Learned a level 2 spell: Throw Frost
  1539 | D:2      | Reached XP level 4. HP: 20/33 MP: 0/8
  1784 | D:2      | Noticed a bullfrog
  1795 | D:2      | Killed a bullfrog
  1795 | D:2      | Reached skill level 4 in Ice Magic
  1795 | D:2      | Reached XP level 5. HP: 38/38 MP: 2/9
  1980 | D:2      | Found a stormy altar of Qazlal.
  2163 | D:2      | Learned a level 4 spell: Summon Ice Beast
  2590 | D:2      | Found a burning altar of Makhleb.
  2593 | D:2      | Found an opulent altar of Gozag.
  2596 | D:2      | Found a sparkling altar of Nemelex Xobeh.
  2658 | D:3      | Found an iron altar of Okawaru.
  2795 | D:3      | Reached XP level 6. HP: 23/45 MP: 4/10
  3049 | D:3      | Reached skill level 1 in Summonings
  3708 | D:4      | Noticed a hungry ghost
  4029 | D:4      | Found an ornate altar of the Wu Jian Council.
  4098 | D:4      | HP: 2/45 [wyvern zombie (8)]
  4103 | D:4      | HP: 2/67 [wyvern zombie (8)]
  4106 | D:4      | Slain by a wyvern zombie

Levels and vault maps discovered:
D:1:      doesnt_arrival_eight_statues, layout_loops_ring, dk_noncrumbling_3,
          minmay_pentomino_u4
D:2:      layout_loops_ring, nicolae_overflow_crystal_walls,
          grunt_temple_overflow_diamond
D:3:      layout_basic, first_ration, okawaru_trees_1
D:4:      layout_basic, old_standard_altar, lemuel_blue_sif_altar

Skill      XL: |  1  2  3  4  5  6 |
---------------+-------------------+-----
Dodging        | 2 3 |  3.9
Spellcasting   | 3 |  3.0
Conjurations   | 2 3 |  3.1
Ice Magic      | 4 |  4.8
Summonings     | 1 |  1.8
Stealth        | |  1.7

Action                   |  1- 3 |  4- 6 || total
-------------------------+-------+-------++-------
Melee: Unarmed           |     7 |       ||     7
       Short sword       |    42 |       ||    42
       Tailslap          |     6 |     8 ||    14
       Dagger            |    30 |    53 ||    83
       Trident           |       |   100 ||   100
 Cast: Freeze            |    31 |    66 ||    97
       Summon Ice Beast  |       |     3 ||     3
  Use: Scroll            |       |     4 ||     4
       Potion            |       |     5 ||     5
 Stab: Sleeping          |     1 |    10 ||    11
  Eat: Chunk             |     2 |     9 ||    11
Armor: Skin              |    29 |    66 ||    95
Dodge: Dodged            |    73 |   129 ||   202
